 Dungeon Crawl Stone Soup version 0.27.0-1-g7a089689b8 (webtiles) character file.

Game seed: 14339238521064139620

406 ZARRMARR the Ruffian (level 6, -1/59 HPs)
             Began as a Troll Fighter on Aug 4, 2021.
             Slain by Sigmund (9 damage)
             ... on level 2 of the Dungeon.
             The game lasted 00:14:24 (2724 turns).

ZARRMARR the Ruffian (Troll Fighter)                Turns: 2724, Time: 00:14:24

Health: -1/59      AC:  4    Str: 25    XL:     6   Next: 56%
Magic:  5/5        EV:  8    Int:  4    God:
Gold:   148        SH:  9    Dex: 11    Spells: 4/5 levels left

rFire    . . .     SeeInvis .     - Unarmed
rCold    . . .     Faith    .   b - +0 kite shield
rNeg     . . .     Spirit   .   a - +0 robe
rPois    .         Reflect  .   (helmet restricted)
rElec    .         Harm     .   (no cloak)
rCorr    .         Rampage  .   (gloves unavailable)
Will     .....                  (boots unavailable)
Stlth    +.........             (no amulet)
HPRegen  1.19/turn              (no ring)
MPRegen  0.09/turn              (no ring)

@: mighty
A: large, unfitting armour, claws 3, regeneration 1, shaggy fur 1, tough skin 1
a: no special abilities


You were on level 2 of the Dungeon.
You visited 1 branch of the dungeon, and saw 3 of its levels.
You also visited: Sewer.

You collected 148 gold pieces.

Inventory:

Missiles
 e - 9 stones (quivered)
Armour
 a - a +0 robe (worn)
 b - a +0 kite shield (worn)
Scrolls
 d - a scroll of holy word {unknown}
 f - a scroll of fear {unknown}
 g - 7 scrolls of teleportation
 h - a scroll of noise {unknown}
 n - a scroll of identify {unknown}
Potions
 i - 4 potions of flight
 j - a potion of mutation {unknown}
 k - a potion of resistance {unknown}
 l - 2 potions of curing {unknown}


   Skills:
 + Level 2.9 Fighting
 + Level 2.3 Throwing
 + Level 3.0 Dodging
 + Level 0.4 Stealth
 + Level 3.0 Shields
 + Level 4.9 Unarmed Combat
 + Level 0.2 Spellcasting
 + Level 0.1 Ice Magic


You had 4 spell levels left.
You knew the following spells:

 Your Spells              Type           Power      Damage    Failure   Level
a - Freeze                Ice            0%         1d3       88%         1

Your spell library contained the following spells:

 Spells                   Type           Power      Damage    Failure   Level
 Animate Skeleton         Necr           0%         N/A       90%         1
 Magic Dart               Conj           0%         1d3       90%         1
 Pain                     Necr           0%         1d4       90%         1
 Call Imp                 Summ           0%         N/A       97%         2
 Frozen Ramparts          Ice            0%         1d2       99%         3
 Mephitic Cloud           Conj/Pois/Air  0%         N/A       99%         3
 Vampiric Draining        Necr           0%         2d6       99%         3
 Hailstorm                Conj/Ice       0%         3d3       100%        4


Dungeon Overview and Level Annotations

Branches:
Dungeon (3/15)              Sewer (visited)

Altars:

Annotations:
D:2 Sigmund
D:3 1 runed translucent door, dolemite99's ghost, amateur MfGl


Innate Abilities, Weirdness & Mutations

You are too large for most types of armour.
You have claws for hands.
Your natural rate of healing is unusually fast.
You are covered in fur. (AC +1)
You have tough skin. (AC +1)


Message History

Sigmund is moderately wounded.
Sigmund casts a spell.
Sigmund flickers and vanishes!
Deactivating autopickup; reactivate with Ctrl-A.
Throw: 3 large rocks
Press: ? - help, Q - select action, (/) - cycle Shift-Dir - straight line, f - kobold
Aim: a kobold, wielding a +0 dagger and quivering stones (50% to hit)
You throw a large rock.
The large rock barely misses the kobold.
Something hits you!
You hear some strange, mumbled words.
Something tries to affect you, but you resist.
Throw: 2 large rocks
Press: ? - help, Q - select action, (/) - cycle Shift-Dir - straight line, f/p - kobold
Aim: a kobold, wielding a +0 dagger and quivering stones (50% to hit)
You throw a large rock.
The large rock closely misses the kobold.
The kobold throws a stone.
The stone closely misses you. Something hits you!
The kobold throws a stone.
You block the stone.
You hear some strange, mumbled words.
A puff of flame appears from out of thin air!
The puff of flame misses you.
Throw: large rock
Press: ? - help, Q - select action, (/) - cycle Shift-Dir - straight line, f/p - kobold
Aim: a kobold, wielding a +0 dagger and quivering stones (50% to hit)
You throw a large rock. The large rock hits the kobold!
You kill the kobold!
Something hits you! x2
You hear some strange, mumbled words.
A magic dart appears from out of thin air!
The magic dart hits you.
You barely miss something. Something hits you.
You miss something. Something hits you!
* * * LOW HITPOINT WARNING * * *
You feel very mighty all of a sudden. You block something's attack.
You completely miss something. Something hits you!
* * * LOW HITPOINT WARNING * * *
Something hits you!
You die...

........#.#.#.....[......#####..#
............##...####..##......##
..........................######
..†......###.#....###^#####
..........##.#........#
........#...........#####
........#...##.##.......#
............##.##.###.#..
........######.#@.# # #.....###
#.#.## ####### #.{.# ...(...
#.....).# #....(..# #.......#
#.......# #.......#


There were no monsters in sight!

Vanquished Creatures
  Grinder (D:3)
  A howler monkey (D:3)
  A merfolk siren (Sewer)
  A merfolk avatar (Sewer)
  2 adders
  3 river rats (Sewer)
  2 dart slugs
  4 bats
  3 endoplasms
  7 giant cockroaches
  5 goblins
  7 hobgoblins
  3 quokkas
  13 ball pythons
  5 frilled lizards
  5 kobolds
  24 rats
87 creatures vanquished.

Notes
Turn   | Place    | Note
-------+----------+-------------------------------------------
     0 | D:1      | ZARRMARR the Troll Fighter began the quest for the Orb.
     0 | D:1      | Reached XP level 1. HP: 22/22 MP: 0/0
   124 | D:1      | Reached XP level 2. HP: 29/29 MP: 1/1
   658 | D:1      | Found a faded altar of an unknown god.
   877 | D:1      | Learned a level 1 spell: Freeze
   891 | D:2      | Reached XP level 3. HP: 35/36 MP: 0/2
   936 | D:2      | You fall into a shaft and drop 1 floor!
   975 | D:3      | Found a runed translucent door.
   977 | D:3      | Noticed dolemite99's ghost (amateur MfGl)
  1040 | D:3      | Found a glowing drain.
  1057 | Sewer    | Entered a sewer
  1225 | Sewer    | Noticed a sickly merfolk siren
  1246 | Sewer    | Killed a sickly merfolk siren
  1247 | Sewer    | Reached skill level 3 in Unarmed Combat
  1247 | Sewer    | Reached XP level 4. HP: 20/44 MP: 3/3
  1485 | Sewer    | Reached skill level 1 in Throwing
  1532 | Sewer    | Noticed a malarious merfolk avatar
  1553 | Sewer    | Killed a malarious merfolk avatar
  1554 | Sewer    | Reached XP level 5. HP: 50/52 MP: 4/4
  2068 | D:3      | Noticed Grinder
  2081 | D:3      | Killed Grinder
  2082 | D:3      | Reached skill level 4 in Unarmed Combat
  2082 | D:3      | Reached XP level 6. HP: 45/59 MP: 5/5
  2713 | D:2      | Noticed Sigmund
  2724 | D:2      | Slain by Sigmund

Illustrated notes

Levels and vault maps discovered:
D:1:      ncdulo_watergridlock, layout_basic,
          shapermc_ecumenical_altar_mp_vishouse, minmay_misc_feat_more_columns
D:2:      layout_rooms, uniq_jessica, uniq_sigmund
D:3:      layout_loops_ring, hellmonk_ghost_happy_afterlife,
          cheibrodos_sewer_entry_drain, uniq_grinder

Skill      XL: |  1  2  3  4  5 |
---------------+----------------+-----
Unarmed Combat | 3 4 |  4.9
Throwing       | 1 2 |  2.3
Dodging        | 3 |  3.0
Shields        | 3 |  3.0
Fighting       | |  2.9
Stealth        | |  0.4
Spellcasting   | |  0.2
Ice Magic      | |  0.1

Action                   |  1- 3 |  4- 6 || total
-------------------------+-------+-------++-------
Melee: Unarmed           |   107 |    84 ||   191
Throw: Stone             |    54 |    41 ||    95
       Large rock        |       |    30 ||    30
 Cast: Freeze            |     1 |       ||     1
  Use: Potion            |       |     1 ||     1
 Stab: Sleeping          |     2 |     1 ||     3
Armor: Robe              |    28 |    19 ||    47
Dodge: Dodged            |    26 |    13 ||    39
Block: Kite shield       |    34 |    26 ||    60
